Map: King Sejong Station LE

Players

Gracz

  • Race: Zerg Zerg
  • League: Silver

liquidbrowne - Winner!

  • Race: Protoss Protoss
  • League: Gold

VOD

Have the link to the VOD?

Description

Time

  • Played on: Oct. 25, 2016, 2:19 p.m.
  • Length: 25:22
Show
View Real Time Build Order
Export as new Build Order

Gracz Zerg 

Build Orders: Hatch First, Lurkers 

Get SALT Encoding   

  12  0:04  Drone  
  13  0:14  Drone  
  13  0:17  Overlord  
  14  0:36  Drone  
  14  0:37  Drone x2  
  17  0:59  Unknown, Hatchery  
  16  1:07  Drone x2  
  18  1:21  Spawning Pool  
  18  1:22  Overlord  
  17  1:35  Extractor  
  17  1:36  Drone  
  17  1:50  Drone  
  18  2:06  Drone x2  
  20  2:09  Queen, Extractor  
  20  2:10  Queen, Unknown  
  20  2:13  Drone x2  
  25  2:24  Drone  
  25  2:26  Drone  
  27  2:36  Drone  
  28  2:42  Drone  
  29  2:53  Lair  
  29  3:00  Zergling x8  
  33  3:09  Spine Crawler  
  32  3:15  Queen  
  32  3:41  Drone x4  
  32  3:42  Drone  
  32  3:44  Overlord x2  
  36  3:50  Metabolic Boost  
  35  3:57  Spire, Queen  
  35  4:02  Queen  
  37  4:33  Queen  
  37  4:38  Queen  
  41  4:52  Drone x3  
  26  5:52  Zergling x2  
  26  5:53  Zergling x8  
  26  6:22  Drone x3  
  26  6:23  Drone x3  
  32  6:36  Infestation Pit  
  32  6:38  Zerg Flyer Weapons Level 1  
  32  6:39  Drone  
  33  6:40  Drone  
  33  6:46  Roach Warren  
  32  6:48  Queen  
  32  6:52  Spore Crawler x2  
  31  6:55  Spore Crawler  
  31  6:56  Spore Crawler  
  28  7:41  Hive  
  28  7:42  Drone  
  28  7:43  Drone x5  
  34  7:45  Queen  
  36  7:57  Drone  
  36  7:58  Drone  
  38  8:10  Extractor  
  38  8:11  Drone x2  
  39  8:13  Extractor  
  38  8:43  Corruptor  
  38  8:44  Corruptor x2  
  38  8:47  Overlord x3  
  38  8:48  Overlord  
  44  9:03  Greater Spire  
  44  9:17  Unknown, Hatchery  
  44  9:19  Corruptor x5  
  44  9:20  Corruptor x2  
  57  9:27  Drone x2  
  59  10:03  Corruptor x4  
  67  10:26  Brood Lord x2  
  67  10:27  Brood Lord  
  73  10:29  Unknown  
  73  10:35  Drone x3  
  76  10:49  Drone  
  77  10:50  Drone x4  
  81  11:00  Hydralisk Den  
  81  11:04  Brood Lord  
  82  11:08  Overlord  
  82  11:24  Overlord x2  
  82  11:30  Corruptor x2  
  86  11:34  Drone  
  86  11:35  Drone x2  
  89  11:52  Overlord x2  
  89  11:54  Adrenal Glands  
  89  11:56  Hydralisk  
  89  12:01  Lurker Den  
  91  12:04  Drone x2  
  93  12:44  Corruptor  
  93  12:45  Corruptor x5  
  93  12:47  Overlord x3  
  105  13:00  Drone  
  106  13:09  Drone x3  
  109  13:17  Drone x2  
  109  13:18  Hydralisk  
  109  13:19  Hydralisk x3  
  119  13:27  Brood Lord x3  
  123  13:30  Lurker  
  121  13:57  Lurker x3  
  121  14:02  Lurker  
  125  14:05  Extractor  
  125  14:06  Drone  
  125  14:07  Drone x5  
  125  14:08  Extractor, Overlord x3  
  129  14:20  Overseer x2  
  129  14:25  Overlord  
  129  14:38  Roach x7  
  133  14:39  Roach x2  
  133  14:43  Hydralisk x2  
  151  15:02  Corruptor x2  
  151  15:04  Overlord x3  
  155  15:16  Viper  
  108  16:11  Hydralisk x11  
  79  16:12  Hydralisk x2  
  93  16:40  Zergling x2  
  93  16:41  Zergling x12  
  93  16:46  Unknown, Hatchery  
  93  17:01  Corruptor  
  93  17:02  Corruptor x4  
  103  17:15  Extractor  
  102  17:19  Extractor  
  102  17:21  Zergling x8  
  102  17:22  Zergling x8  
  100  17:38  Muscular Augments  
  100  17:57  Lurker x4  
  100  17:58  Unknown  
  104  18:02  Hydralisk x3  
  110  18:06  Drone x7  
  110  18:07  Drone x4  
  121  18:21  Roach x2  
  121  18:22  Roach x5  
  135  18:38  Viper  
  138  18:50  Viper  
  141  19:00  Overseer x2  
  141  19:03  Overseer  
  141  19:13  Hydralisk x2  
  141  19:14  Hydralisk x4  
  141  19:16  Hydralisk  
  155  19:32  Zergling x8  
  155  19:33  Roach x6, Corruptor  
  155  19:36  Zergling x4  
  175  19:51  Ultralisk Cavern  
  174  19:54  Overlord x2  
  174  19:55  Overlord x3  
  174  20:02  Drone x2  
  176  20:14  Queen x2  
  176  20:15  Queen  
  176  20:16  Queen  
  184  20:26  Corruptor x2  
  184  20:27  Zergling x4  
  184  20:28  Roach x2  
  194  20:40  Chitinous Plating  
  194  20:45  Ultralisk  
  161  22:30  Roach x14  
  161  22:31  Roach x4  
  195  22:42  Spine Crawler  
  194  22:44  Spine Crawler  
  193  22:58  Ultralisk  
  199  23:06  Spine Crawler  
  199  23:11  Overseer x3  
  198  23:18  Spore Crawler  
  197  23:20  Spore Crawler x2  
  197  23:23  Spore Crawler  
  197  23:24  Spore Crawler  
  197  23:25  Ultralisk  
  197  23:26  Spore Crawler  
  198  23:29  Zergling x2  
  199  24:02  Glial Reconstitution  
Show
View Real Time Build Order
Export as new Build Order

liquidbrowne Protoss - Winner!

Build Orders:  

Get SALT Encoding   

  12  0:01  Probe (Chrono Boost)  
  13  0:11  Probe (Chrono Boost)  
  14  0:19  Pylon  
  14  0:22  Probe (Chrono Boost)  
  15  0:37  Probe (Chrono Boost)  
  16  0:55  Gateway  
  16  0:57  Gateway  
  16  1:00  Gateway  
  16  1:04  Assimilator  
  16  1:06  Probe (Chrono Boost)  
  17  1:17  Probe (Chrono Boost)  
  18  1:23  Pylon  
  18  1:27  Probe (Chrono Boost)  
  19  1:44  Cybernetics Core  
  19  1:47  Zealot x2  
  19  1:48  Zealot  
  26  2:01  Probe (Chrono Boost)  
  28  2:25  Mothership Core (Chrono Boost)  
  28  2:39  Adept  
  30  2:51  Pylon  
  30  2:53  Pylon  
  30  3:05  Zealot  
  30  3:09  Adept, Zealot  
  36  3:14  Assimilator  
  34  3:29  Zealot  
  32  3:36  Zealot x2  
  36  3:52  Zealot  
  36  4:11  Stalker  
  36  4:12  Stalker  
  38  4:47  Unknown, Nexus  
  38  4:50  Pylon  
  38  4:54  Pylon  
  38  4:55  Pylon  
  38  4:59  Mothership Core (Chrono Boost)  
  38  5:20  Stalker  
  38  5:24  Stalker x2  
  44  5:48  Stalker  
  40  5:54  Stalker x2  
  40  5:55  Probe (Chrono Boost)  
  47  5:59  Unknown  
  47  6:06  Probe (Chrono Boost)  
  47  6:07  Probe (Chrono Boost)  
  49  6:17  Probe (Chrono Boost)  
  47  6:18  Forge  
  47  6:19  Probe (Chrono Boost)  
  47  6:20  Forge  
  45  6:27  Probe (Chrono Boost)  
  45  6:28  Stalker  
  45  6:31  Probe (Chrono Boost)  
  49  6:38  Probe (Chrono Boost)  
  50  6:42  Stalker  
  50  6:43  Probe (Chrono Boost)  
  50  6:46  Stalker  
  55  6:48  Probe (Chrono Boost)  
  57  6:56  Probe (Chrono Boost)  
  57  6:59  Probe (Chrono Boost)  
  58  7:08  Probe (Chrono Boost)  
  59  7:29  Protoss Ground Weapons Level 1  
  59  7:31  Photon Cannon  
  59  7:33  Photon Cannon  
  59  7:34  Photon Cannon  
  59  7:37  Assimilator  
  59  7:42  Assimilator, Zealot  
  59  7:45  Zealot x2  
  65  7:57  Pylon  
  65  8:07  Robotics Facility  
  65  8:12  Zealot  
  67  8:18  Probe (Chrono Boost)  
  69  8:20  Probe (Chrono Boost)  
  69  8:23  Protoss Ground Armor Level 1  
  69  8:31  Probe (Chrono Boost)  
  70  8:44  Zealot x3  
  76  8:52  Observer  
  77  8:56  Twilight Council  
  77  9:01  Photon Cannon  
  77  9:04  Photon Cannon  
  77  9:08  Immortal  
  77  9:09  Stargate  
  81  9:25  Protoss Ground Weapons Level 2  
  81  9:33  Charge  
  81  9:36  Zealot x3  
  87  9:50  Immortal  
  91  10:03  Zealot  
  93  10:32  Protoss Ground Armor Level 2  
  93  10:33  Unknown, Nexus  
  93  10:36  Assimilator  
  93  10:40  Assimilator  
  93  10:42  Pylon  
  93  10:43  Pylon  
  93  10:44  Pylon  
  93  10:45  Pylon  
  93  10:47  Pylon  
  93  10:48  Pylon  
  93  10:50  Pylon  
  93  11:00  Stalker, Phoenix  
  97  11:07  Immortal  
  101  11:24  Protoss Air Weapons Level 1  
  101  11:25  Phoenix  
  103  11:27  Probe (Chrono Boost)  
  103  11:29  Probe (Chrono Boost)  
  106  11:40  Probe (Chrono Boost)  
  106  11:41  Immortal  
  106  11:45  Unknown  
  110  11:50  Phoenix  
  112  12:01  Probe (Chrono Boost)  
  115  12:02  Stargate, Probe x2 (Chrono Boost)  
  115  12:11  Probe (Chrono Boost)  
  115  12:14  Probe x2 (Chrono Boost)  
  115  12:15  Phoenix  
  120  12:26  Probe (Chrono Boost)  
  121  12:40  Phoenix  
  123  12:52  Void Ray  
  127  13:05  Void Ray  
  132  13:06  Probe (Chrono Boost)  
  132  13:07  Probe x2 (Chrono Boost)  
  134  13:16  Probe (Chrono Boost)  
  134  13:18  Stargate  
  134  13:19  Probe x2 (Chrono Boost)  
  138  13:27  Probe (Chrono Boost)  
  138  13:29  Fleet Beacon  
  138  13:31  Probe (Chrono Boost)  
  138  13:32  Probe (Chrono Boost)  
  140  13:34  Void Ray  
  140  13:37  Probe (Chrono Boost)  
  145  13:43  Probe (Chrono Boost)  
  145  13:44  Probe (Chrono Boost)  
  145  13:46  Void Ray  
  149  13:55  Probe (Chrono Boost)  
  150  14:09  Void Ray  
  154  14:12  Void Ray  
  154  14:23  Void Ray  
  158  14:27  Pylon  
  158  14:30  Pylon  
  162  14:31  Pylon, Cybernetics Core  
  162  14:49  Void Ray  
  162  14:52  Void Ray  
  170  15:03  Unknown, Nexus  
  170  15:05  Void Ray  
  170  15:06  Pylon  
  180  15:26  Void Ray  
  180  15:35  Void Ray  
  182  15:53  Void Ray  
  161  16:03  Void Ray  
  145  16:15  Unknown  
  126  16:18  Observer  
  122  16:32  Probe x2 (Chrono Boost)  
  126  16:33  Probe x2 (Chrono Boost)  
  127  16:40  Observer  
  127  16:45  Probe (Chrono Boost)  
  128  16:47  Carrier  
  128  16:49  Carrier  
  128  16:51  Assimilator  
  128  16:54  Assimilator  
  128  17:01  Observer  
  139  17:16  Zealot x2  
  139  17:17  Zealot  
  139  17:22  Observer  
  146  17:43  Zealot  
  146  17:44  Zealot x2  
  152  17:58  Protoss Shields Level 1, Protoss Ground Armor Level 3  
  152  18:05  Protoss Air Weapons Level 2  
  152  18:06  Protoss Air Armor Level 1  
  152  18:08  Void Ray  
  152  18:11  Zealot x3  
  158  18:13  Unknown, Nexus  
  158  18:16  Pylon  
  158  18:18  Pylon  
  162  18:20  Pylon  
  162  18:23  Assimilator  
  162  18:28  Assimilator  
  162  18:30  Unknown, Nexus  
  162  18:38  Zealot x3  
  162  18:40  Stargate  
  168  18:41  Graviton Catapult  
  168  18:44  Stargate  
  169  18:56  Observer  
  169  19:00  Carrier  
  169  19:04  Carrier  
  169  19:05  Zealot x2, Photon Cannon  
  169  19:06  Photon Cannon  
  169  19:08  Photon Cannon  
  173  19:10  Photon Cannon  
  173  19:12  Photon Cannon  
  173  19:13  Photon Cannon  
  186  19:17  Observer, Photon Cannon  
  186  19:24  Unknown  
  187  19:38  Observer, Carrier  
  187  19:41  Unknown  
  193  19:52  Protoss Ground Weapons Level 3  
  193  19:55  Probe x2 (Chrono Boost)  
  193  19:56  Probe (Chrono Boost)  
  193  19:57  Probe (Chrono Boost)  
  197  20:17  Assimilator  
  197  20:21  Assimilator  
  197  20:26  Pylon  
  197  20:27  Protoss Air Armor Level 2  
  197  20:28  Protoss Air Weapons Level 3  
  197  20:29  Pylon  
  197  20:32  Pylon  
  197  20:35  Pylon, Protoss Shields Level 2  
  197  21:07  Stargate  
  197  21:09  Stargate  
  197  21:10  Stargate  
  197  21:47  Zealot  
  199  22:11  Carrier  
  199  22:19  Zealot  
  199  22:20  Zealot x2  
  199  22:22  Carrier  
  195  22:47  Zealot x2  
  193  23:14  Zealot  
  195  23:34  Zealot x2  
Tags
 
Add a new tag
Caveats
  • Supply blocks, unpowered buildings, or Contaminate may cause inaccurate times.
  • Supply counts are checked every 10 seconds.